 Dungeon Crawl Stone Soup version 0.30-a0-743-gbfdf073431 (webtiles) character file.

Game seed: 11044420460021973386

374 magipi the Cudgeller (level 6, -1/1 (51) HPs)
             Began as a Gnoll Reaver on Feb 5, 2023.
             Was an Initiate of Gozag.
             Slain by a crimson imp (2 damage)
             ... summoned by Eustachio
             ... on level 5 of the Dungeon.
             The game lasted 00:12:19 (4014 turns).

magipi the Cudgeller (Gnoll Reaver)                 Turns: 4014, Time: 00:12:19

HP:   -1/1 (51)     AC:  4    Str: 12    XL:     6   Next: 72%
MP:   14/14         EV: 12    Int: 14    God:    Gozag
Gold: 150           SH:  0    Dex: 10    Spells: 10/15 levels left

rFire   . . .      SeeInvis .    a - +0 mace
rCold   . . .      Faith    .    (no shield)
rNeg    . . .      Spirit   .    n - +0 leather armour
rPois   .          Reflect  .    p - +0 helmet
rElec   .          Harm     .    (no cloak)
rCorr   .          Rampage  .    (no gloves)
Will    +....                    (no boots)
Stlth   ++                       (no amulet)
HPRegen 0.20/turn                m - ring of willpower
MPRegen 0.14/turn                (no ring)

@: extremely drained
A: fangs 1, strong nose, distributed training
a: Renounce Religion, Potion Petition, Call Merchant, Bribe Branch


You were on level 5 of the Dungeon.
You worshipped Gozag.
Gozag was aware of your devotion.
You visited 2 branches of the dungeon, and saw 6 of its levels.

You collected 254 gold pieces.
You spent 33 gold pieces at shops.
You paid 71 gold pieces to Gozag.

Inventory:

Hand Weapons
 a - a +0 mace (weapon)
 b - a +2 dagger of freezing
   (You took it off a goblin on level 4 of the Dungeon)
Armour
 n - a +0 leather armour (worn)
 p - a +0 helmet (worn)
   (You found it on level 2 of the Dungeon)
Jewellery
 l - a ring of ice
   (You found it on level 2 of the Dungeon)
 m - a ring of willpower (left hand)
   (You found it on level 1 of the Dungeon)
 y - a ring of protection from fire
   (You found it on level 4 of the Dungeon)
Wands
 v - a wand of roots (11)
   (You found it on level 4 of the Dungeon)
 x - a wand of flame (20)
   (You found it on level 4 of the Dungeon)
Scrolls
 c - a scroll of fear {unknown}
 d - 2 scrolls of teleportation {unknown}
 e - 7 scrolls of identify {unknown}
 f - a scroll of silence {unknown}
 h - a scroll of enchant weapon {unknown}
 j - 2 scrolls of torment {unknown}
 t - a scroll of amnesia {unknown}
 u - a scroll of noise {unknown}
 w - a scroll of poison {unknown}
 B - a scroll of vulnerability {unknown}
Potions
 g - 3 potions of curing
 i - 3 potions of lignification {unknown}
 k - a potion of flight {unknown}
 o - a potion of ambrosia {unknown}
 q - 2 potions of attraction {unknown}
 r - a potion of heal wounds {unknown}
 s - 2 potions of haste {unknown}
 z - 2 potions of invisibility {unknown}
 A - a potion of brilliance {unknown}


   Skills:
 + Level 5.1 Fighting
 + Level 2.1 Short Blades
 + Level 2.1 Long Blades
 + Level 2.1 Axes
 + Level 6.9 Maces & Flails
 + Level 2.1 Polearms
 + Level 2.1 Staves
 + Level 2.1 Ranged Weapons
 + Level 2.1 Throwing
 + Level 2.1 Armour
 + Level 5.1 Dodging
 + Level 2.1 Stealth
 + Level 2.1 Shields
 + Level 2.1 Unarmed Combat
 + Level 5.4 Spellcasting
 + Level 5.7 Conjurations
 + Level 1.7 Hexes
 + Level 1.7 Summonings
 + Level 1.7 Necromancy
 + Level 1.7 Translocations
 + Level 1.7 Transmutations
 + Level 1.7 Fire Magic
 + Level 1.7 Ice Magic
 + Level 1.7 Air Magic
 + Level 1.7 Earth Magic
 + Level 1.7 Poison Magic
 + Level 2.4 Invocations
 + Level 2.1 Evocations


You had 10 spell levels left.
You knew the following spells:

 Your Spells              Type           Power      Damage    Failure   Level
a - Kiss of Death         Conj/Necr      56%        2d9       4%          1
b - Momentum Strike       Conj/Tloc      28%        3d8       7%          2
c - Poisonous Vapours     Pois/Air       16%        N/A       16%         2

Your spell library contained the following spells:

 Spells                   Type           Power      Damage    Failure   Level
 Hailstorm                Conj/Ice       14%        3d5       14%         3
 Cigotuvi's Dreadful Rot  Necr/Pois/Air  16%        N/A       16%         2
 Mephitic Cloud           Conj/Pois/Air  12%        N/A       19%         3
 Ignite Poison            Fire/Tmut/Pois 8%         N/A       30%         3
 Kindle Blastsparks       Fire/Tloc/Air  16%        2d11      30%         3
 Freezing Cloud           Conj/Ice/Air   6%         6-21      86%         5


Dungeon Overview and Level Annotations

Branches:
Dungeon (5/15)             Temple (1/1) D:4

Altars:
Dithmenos
Elyvilon
Fedhas
Gozag
Hepliaklqana
Kikubaaqudgha
Makhleb
Okawaru
Qazlal
Ru
Sif Muna
Uskayaw
Vehumet
Wu Jian
Xom
Yredelemnul
Zin
The Shining One

Shops:
D:2 !

Annotations:
D:5 Eustachio


Innate Abilities, Weirdness & Mutations

You have very sharp teeth.
Your uncanny sense of smell can sniff out nearby items.
Your experience applies equally to all skills.


Message History

You hit the orc.
The orc is almost dead.
The orc barely misses you.
Casting: Kiss of Death (safe; 4% risk of failure)
Confirm with . or Enter, or press ? or * to list all spells.
Aiming: Kiss of Death (safe; 4% risk of failure)
Press: ? - help, Shift-Dir - straight line, f - orc
Aim: an orc, wielding a +0 whip and wearing a +0 leather armour (almost dead, 100% to hit)
The negative energy hits the orc!
The orc is drained!
You kill the orc!
You feel drained.
Unknown command.
You barely miss the goblin. You punch the goblin.
You kill the goblin!
Items here: )))) [[ †††.
Found a scroll labelled YTAISINUOB and 5 stones.
A ball python comes into view.
The ball python moves out of view.
The ball python hisses angrily.
You closely miss the ball python.
The ball python bites you but does no damage.
The ball python closely misses you.
You closely miss the ball python. You bite the ball python.
The ball python is severely wounded.
The ball python bites you but does no damage.
The ball python barely misses you.
You hit the ball python.
You kill the ball python!
You now have 213 gold pieces (gained 9).
Found a long sword.
Found a dagger.
e - 7 scrolls labelled YTAISINUOB (gained 1)
Found a stone staircase leading up.
Search for what [Enter for "dag", or ? for help]? wea
There is an escape hatch in the floor here.
Done exploring.
Unknown command.
There is a stone staircase leading up here.
There is a stone staircase leading up here.
There is a stone staircase leading down here.
Unknown command.
Unknown command.
Unknown command.
Unknown command.
There is a stone staircase leading up here.
You climb upwards.
There is a stone staircase leading down here.
You climb downwards.
There is a stone staircase leading up here.
Unknown command.
Unknown command.
Unknown command.
Unknown command.
There is an escape hatch in the floor here.
You see here a +0 mace.
There is a stone staircase leading up here.
You climb upwards.
There is a stone staircase leading down here.
There is an opulent altar of Gozag here.
You kneel at the altar of Gozag.
Gozag welcomes you!
You pay a service fee of 71 gold.
There is a stone staircase leading down here.
You climb downwards.
There is a stone staircase leading up here.
You see here a +0 mace.
There is an escape hatch in the ceiling here.
A mysterious force pulls you upwards. The hatch slams shut behind you.
(D) Dungeon (T) Temple
Where to? (Enter - D:4 @ (x,y), ? - help)
What level of the Dungeon? (default 1, ? - help)
There is an open door here.
There is a stone staircase leading down here.
You climb downwards.
There is a stone staircase leading up here.
There is a fountain of clear blue water here.
There is a staircase to the Ecumenical Temple here.
There is a stone staircase leading down here.
You climb downwards.
Found 2 large rocks and 8 gold pieces.
There is a stone staircase leading up here.
Unknown command.
You see here 2 large rocks.
You now have 150 gold pieces (gained 8).
You see here 2 large rocks.
You see here 2 large rocks.
Eustachio and an orc come into view.
Eustachio is wielding a +3 falchion of holy wrath and wearing a +2 leather armour of willpower.
Eustachio shouts!
Eustachio mumbles some strange words.
Unknown command.
You see here 2 large rocks.
Eustachio casts a spell.
Eustachio blinks!
You see here 2 large rocks.
The crimson imp attacks as you move away!
The crimson imp hits you.
Ouch! That really hurt!
You die...
Your body crumbles into a pile of gold.

..#.# #.# ...# ##.#
#.## #..# .#
#..####..## ..#
#..5......######.##
##..#..###...#.....##
##..##..#
###.........
####..###..#
##5..##... $
..5....###.# #.@.##
..@.....#..# #...#
###.#......####.###
#...#....##..<..##
.#...#...######..###
#. #..##..# ##...# ..
#..# ..# #...## ..#
..# ## #....##
#.###.#


You could see a crimson imp (summoned).

Vanquished Creatures
  2 scorpions (D:4)
  A hound (D:4)
  A jelly (D:4)
  Natasha (thrice) (D:2)
  4 adders
  A worm (D:2)
  2 dart slugs
  3 orcs (D:4)
  5 bats
  2 endoplasms
  4 giant cockroaches
  6 goblins
  8 hobgoblins
  2 jackals
  2 quokkas
  9 ball pythons
  4 frilled lizards
  6 kobolds
  6 rats
71 creatures vanquished.

Notes
Turn   | Place    | Note
-------+----------+-------------------------------------------
     0 | D:1      | magipi the Gnoll Reaver began the quest for the Orb.
     0 | D:1      | Reached XP level 1. HP: 20/20 MP: 6/6
   354 | D:1      | Found a faded altar of an unknown god.
   376 | D:1      | Reached XP level 2. HP: 25/26 MP: 7/7
   551 | D:1      | Learned a level 2 spell: Momentum Strike
   967 | D:2      | Found Ygymuc's Distillery.
   992 | D:2      | Reached skill level 5 in Spellcasting
   992 | D:2      | Reached XP level 3. HP: 23/28 MP: 7/9
  1101 | D:2      | Bought a potion of curing for 33 gold pieces
  1130 | D:2      | Noticed Natasha
  1134 | D:2      | Killed Natasha
  1135 | D:2      | Reached skill level 1 in Short Blades
  1135 | D:2      | Reached skill level 1 in Long Blades
  1135 | D:2      | Reached skill level 1 in Axes
  1135 | D:2      | Reached skill level 1 in Polearms
  1135 | D:2      | Reached skill level 1 in Staves
  1135 | D:2      | Reached skill level 1 in Ranged Weapons
  1135 | D:2      | Reached skill level 1 in Throwing
  1135 | D:2      | Reached skill level 1 in Armour
  1135 | D:2      | Reached skill level 1 in Stealth
  1135 | D:2      | Reached skill level 1 in Shields
  1135 | D:2      | Reached skill level 1 in Unarmed Combat
  1135 | D:2      | Reached skill level 1 in Invocations
  1135 | D:2      | Reached skill level 1 in Evocations
  1135 | D:2      | Reached XP level 4. HP: 25/30 MP: 9/11
  1164 | D:2      | Noticed Natasha
  1171 | D:2      | Killed Natasha
  1172 | D:2      | Reached skill level 1 in Hexes
  1172 | D:2      | Reached skill level 1 in Summonings
  1172 | D:2      | Reached skill level 1 in Necromancy
  1172 | D:2      | Reached skill level 1 in Translocations
  1172 | D:2      | Reached skill level 1 in Transmutations
  1172 | D:2      | Reached skill level 1 in Fire Magic
  1172 | D:2      | Reached skill level 1 in Ice Magic
  1172 | D:2      | Reached skill level 1 in Air Magic
  1172 | D:2      | Reached skill level 1 in Earth Magic
  1172 | D:2      | Reached skill level 1 in Poison Magic
  1178 | D:2      | Learned a level 2 spell: Poisonous Vapours
  1178 | D:2      | Found a basalt altar of Yredelemnul.
  1194 | D:2      | Noticed Natasha
  1196 | D:2      | Killed Natasha
  1289 | D:2      | Reached XP level 5. HP: 29/29 MP: 12/12
  1774 | D:3      | Found a faded altar of an unknown god.
  1778 | D:3      | Found an opulent altar of Gozag.
  2400 | D:4      | Found a staircase to the Ecumenical Temple.
  2409 | Temple   | Entered the Ecumenical Temple
  2638 | D:4      | Reached XP level 6. HP: 15/27 MP: 11/13
  2859 | D:4      | Reached skill level 5 in Fighting
  2859 | D:4      | Reached skill level 5 in Dodging
  3057 | D:4      | Found a radiant altar of Vehumet.
  3800 | D:3      | Became a worshipper of Gozag Ym Sagoz the Greedy
  3938 | D:5      | Entered Level 5 of the Dungeon
  3993 | D:5      | Noticed Eustachio
  4014 | D:5      | Slain by a crimson imp

Illustrated notes

Levels and vault maps discovered:
D:1:      dpeg_arrival_court, layout_basic,
          hellmonk_ecumenical_altar_inner_sanctum
D:2:      layout_rooms, serial_shops, shop, basic_altar, columned_hall_lemuel,
          uniq_natasha
D:3:      layout_basic, nicolae_overflow_ecumenical_swirl, grunt_ministairs_6,
          kennysheep_nondescript, kennysheep_big_empty_room
D:4:      layout_cave_pods, marbit_many_paths, minmay_temple_entry_waves,
          minmay_misc_feat_ornament
D:5:      layout_layer_cave, bloody_trog, minmay_manual_mullet, uniq_eustachio
Temple:   nicolae_temple_elliptical

Skill      XL: |  1  2  3  4  5  6 |
---------------+-------------------+-----
Spellcasting   | 5 |  5.4
Short Blades   | 1 2 |  2.1
Long Blades    | 1 2 |  2.1
Axes           | 1 2 |  2.1
Polearms       | 1 2 |  2.1
Staves         | 1 2 |  2.1
Ranged Weapons | 1 2 |  2.1
Throwing       | 1 2 |  2.1
Armour         | 1 2 |  2.1
Stealth        | 1 2 |  2.1
Shields        | 1 2 |  2.1
Unarmed Combat | 1 2 |  2.1
Invocations    | 1 2 |  2.4
Evocations     | 1 2 |  2.1
Hexes          | 1 |  1.7
Summonings     | 1 |  1.7
Necromancy     | 1 |  1.7
Translocations | 1 |  1.7
Transmutations | 1 |  1.7
Fire Magic     | 1 |  1.7
Ice Magic      | 1 |  1.7
Air Magic      | 1 |  1.7
Earth Magic    | 1 |  1.7
Poison Magic   | 1 |  1.7
Fighting       | 5 |  5.1
Dodging        | 5 |  5.1
Maces & Flails | |  6.9
Conjurations   | |  5.7

Action                     |  1- 3 |  4- 6 || total
---------------------------+-------+-------++-------
  Melee: Mace              |    96 |   113 ||   209
         Bite              |     7 |     8 ||    15
         Punch             |     1 |     3 ||     4
   Cast: Kiss of Death     |     3 |    11 ||    14
  Evoke: Wand              |       |     2 ||     2
   Stab: Sleeping          |       |     1 ||     1
 Armour: Leather armour    |    25 |    41 ||    66
  Dodge: Dodged            |    78 |    74 ||   152

Table legend: (Time is in decaauts)
 A = Elapsed time spent in this place.
 B = Non-inter-level travel time spent in this place.
 C = Inter-level travel time spent in this place.
 D = Time resting spent in this place.
 E = Time spent auto-exploring this place.
 F = Levels seen in this place.
 G = Mean time per level.
                   A        B        C        D        E       F      G
               +--------+--------+--------+--------+--------+-----+--------+
         Total |   4030 |   3551 |    479 |    155 |   1906 |   6 |  671.7 |
       Dungeon |   3926 |   3457 |    469 |    155 |   1906 |   5 |  785.2 |
        Temple |    103 |     93 |     10 |      0 |      0 |   1 |  103.0 |
               +--------+--------+--------+--------+--------+-----+--------+

Top non-repeatable levels by time:
     D:4: 1414 daAuts
     D:3: 928 daAuts
     D:1: 896 daAuts
     D:2: 611 daAuts
  Temple: 103 daAuts
     D:5: 75 daAuts
